 Dungeon Crawl Stone Soup version 0.27-a0-1196-g3e9cee4 (webtiles) character file.

Game seed: 4133283525131497792

110 Meow the Stinger (level 4, 28/36 HPs)
             Began as a Naga Venom Mage on May 29, 2021.
             Quit the game on level 2 of the Dungeon.
             The game lasted 00:06:33 (1773 turns).

Meow the Stinger (Naga Venom Mage)                  Turns: 1773, Time: 00:06:34

Health: 28/36      AC:  2    Str: 10    XL:     4   Next: 91%
Magic:  9/9        EV:  9    Int: 17    God:
Gold:   119        SH:  0    Dex: 11    Spells: 3/10 levels left

rFire    . . .     SeeInvis +   a - +0 mace
rCold    . . .     Faith    .   (no shield)
rNeg     . . .     Spirit   .   b - +0 robe
rPois    +         Reflect  .   (no helmet)
rElec    .         Harm     .   (no cloak)
rCorr    .         Rampage  .   (no gloves)
Will     .....                  (no barding)
Stlth    ++........             (no amulet)
HPRegen  0.12/turn              (no ring)
MPRegen  0.11/turn              (no ring)

@: very slow
A: AC +1, large, see invisible, deformed body, poison resistance, slowness 2,
spit poison 1, naga tail 1
a: Spit Poison


You were on level 2 of the Dungeon.
You visited 1 branch of the dungeon, and saw 2 of its levels.

You collected 119 gold pieces.

Inventory:

Hand Weapons
 a - a +0 mace (weapon)
Missiles
 c - 37 stones (quivered)
 f - 26 bolts
Armour
 b - a +0 robe (worn)
Magical Staves
 i - a staff of air
Scrolls
 d - a scroll of enchant armour {unknown}
 h - a scroll of identify {unknown}
 j - a scroll of noise {unknown}
Potions
 e - 2 potions of degeneration {unknown}
 g - a potion of brilliance {unknown}
 k - a potion of heal wounds {unknown}


   Skills:
 - Level 1.5 Dodging
 - Level 3.0 Stealth
 + Level 3.5 Spellcasting
 + Level 2.9 Conjurations
 - Level 1.0 Transmutations
 - Level 4.0 Poison Magic


You had 3 spell levels left.
You knew the following spells:

 Your Spells              Type           Power      Damage    Failure   Level
a - Sting                 Tmut/Pois      44%        1d5       6%          1
c - Mephitic Cloud        Conj/Pois/Air  10%        N/A       19%         3
C - Ignite Poison         Fire/Tmut/Pois 8%         N/A       26%         3

Your spell library contained the following spells:

 Spells                   Type           Power      Damage    Failure   Level
 Beastly Appendage        Tmut           12%        N/A       11%         1
 Poisonous Vapours        Pois/Air       18%        N/A       11%         2
 Wereblood                Tmut           6%         N/A       17%         2
 Spider Form              Tmut/Pois      5%         N/A       19%         3
 Olgreb's Toxic Radiance  Pois           16%        N/A       32%         4
 Ice Form                 Ice/Tmut       4%         N/A       80%         4
 Hydra Form               Tmut           3%         N/A       97%         5


Dungeon Overview and Level Annotations

Branches:
Dungeon (2/15)

Altars:
Cheibriados


Innate Abilities, Weirdness & Mutations

Your serpentine skin is tough. (AC +1)
You have supernaturally acute eyesight. (SInv)
Armour fits poorly on your strangely shaped body.
Your system is resistant to poisons. (rPois)
You cover ground very slowly.
You can spit poison.
You have a snake-like lower body.


Message History

Press: ? - help, Shift-Dir - straight line, f - bat
Aim: a bat The splash of poison misses the bat.
Casting: Sting (safe; 6% risk of failure)
Confirm with . or Enter, or press ? or * to list all spells.
Aiming: Sting (safe; 6% risk of failure)
Press: ? - help, Shift-Dir - straight line, f/p - bat
Aim: a bat (57% to hit)
The sting hits the bat.
The bat is poisoned.
You kill the bat!
Unknown command.
You see here a bat corpse.
Found a mace.
You have got your breath back.
You see here a +0 mace.
A quokka and a goblin come into view.
Press: ? - help, Shift-Dir - straight line, f - quokka
Aim: a quokka (asleep)
The splash of poison hits the quokka!
You kill the quokka!
Unknown command.
The goblin shouts!
You hit the goblin.
The goblin is heavily wounded.
You have got your breath back.
The goblin hits you with a +0 dagger.
You barely miss the goblin.
The goblin is heavily wounded.
The goblin closely misses you. The goblin hits you with a +0 dagger.
You closely miss the goblin.
The goblin is heavily wounded.
The goblin hits you with a +0 dagger.
You closely miss the goblin.
The goblin is heavily wounded.
The goblin hits you with a +0 dagger.
You sock the goblin!
You kill the goblin!
Things that are here:
a +0 dagger; a goblin corpse Are you sure you want to abandon this character and quit the game? (Confirm with "yes".)

........†...........##
......♣.♣.....<.)...#
.†..................#
....♣.....♣.##......#
.......<......#+###.#
...#.......##.#.###.####.#
...##.....##.............#
....#######.########.#####
#....†@....# ############


There were no monsters in sight!

Vanquished Creatures
  Jessica (D:2)
  2 adders (D:2)
  2 worms (D:2)
  A dart slug (D:1)
  4 bats
  6 endoplasms
  A giant cockroach (D:1)
  3 goblins
  3 hobgoblins
  14 jackals
  3 quokkas
  3 ball pythons
  A frilled lizard (D:1)
  4 kobolds
  3 rats (D:1)
51 creatures vanquished.

Notes
Turn   | Place    | Note
-------+----------+-------------------------------------------
     0 | D:1      | Meow the Naga Venom Mage began the quest for the Orb.
     0 | D:1      | Reached XP level 1. HP: 15/15 MP: 3/3
   360 | D:1      | Reached skill level 1 in Conjurations
   360 | D:1      | Reached XP level 2. HP: 22/22 MP: 3/5
   557 | D:1      | Found a faded altar of an unknown god.
   797 | D:1      | Reached XP level 3. HP: 28/28 MP: 6/6
  1238 | D:2      | Noticed Jessica
  1244 | D:2      | Killed Jessica
  1245 | D:2      | Reached XP level 4. HP: 35/36 MP: 3/8
  1250 | D:2      | Learned a level 3 spell: Mephitic Cloud
  1254 | D:2      | Learned a level 3 spell: Ignite Poison
  1641 | D:2      | Found a snail-covered altar of Cheibriados.
  1773 | D:2      | Quit the game

Illustrated notes

Levels and vault maps discovered:
D:1:      dpeg_arrival_boxes_within_box, layout_basic, basic_ecumenical_altar
D:2:      kennysheep_big_flooded_room, layout_basic, basic_altar,
          grunt_ministairs_10, uniq_jessica

Skill      XL: |  1  2  3 |
---------------+----------+-----
Conjurations   | 1 2 |  2.9
Spellcasting   | 3 |  3.5
Dodging        | |  1.5
Stealth        | |  3.0
Transmutations | |  1.0
Poison Magic   | |  4.0

Action                   |  1- 3 |  4- 6 || total
-------------------------+-------+-------++-------
Melee: Mace              |     5 |    12 ||    17
Throw: Stone             |    17 |       ||    17
 Cast: Sting             |    39 |    14 ||    53
 Abil: Spit Poison       |    38 |    16 ||    54
Armor: Robe              |     6 |     3 ||     9
Dodge: Dodged            |    15 |     4 ||    19

Table legend: (Time is in decaauts)
 A = Elapsed time spent in this place.
 B = Non-inter-level travel time spent in this place.
 C = Inter-level travel time spent in this place.
 D = Time resting spent in this place.
 E = Time spent auto-exploring this place.
 F = Levels seen in this place.
 G = Mean time per level.
                   A        B        C        D        E       F      G
               +--------+--------+--------+--------+--------+-----+--------+
         Total |   2193 |   2086 |    107 |    531 |   1152 |   2 | 1096.5 |
       Dungeon |   2193 |   2086 |    107 |    531 |   1152 |   2 | 1096.5 |
               +--------+--------+--------+--------+--------+-----+--------+

Top non-repeatable levels by time:
     D:1: 1482 daAuts
     D:2: 710 daAuts
